 Dungeon Crawl Stone Soup version 0.29.1-1-gd02db6906a (webtiles) character file.

Game seed: 3550382117744527837

271 NullDivider the Stinger (level 6, -8/36 HPs)
             Began as an Octopode Venom Mage on Sept 22, 2022.
             Mangled by a water moccasin (9 damage)
             ... on level 4 of the Dungeon.
             The game lasted 00:16:57 (4044 turns).

NullDivider the Stinger (Octopode Venom Mage)       Turns: 4044, Time: 00:16:58

Health: -8/36      AC:  1    Str:  8    XL:     6   Next: 23%
Magic:  6/10       EV: 13    Int: 19    God:
Gold:   137        SH:  0    Dex: 12    Spells: 1/11 levels left

rFire   . . .      SeeInvis .   (no weapon)
rCold   . . .      Faith    .   (no shield)
rNeg    . . .      Spirit   .   (helmet restricted)
rPois   .          Reflect  .   l - amulet of regeneration
rElec   .          Harm     .   (no ring)
rCorr   .          Rampage  .   (no ring)
Will    .....                   (no ring)
Stlth   ++++......              (no ring)
HPRegen 1.72/turn               (no ring)
MPRegen 0.12/turn               (no ring)
                                (no ring)
                                (no ring)

@: lethally poisoned (-8 -> -9), attractive
A: almost no armour, amphibious, 8 rings, camouflage 1, gelatinous body 1,
(nimble swimmer 1), tentacles, regeneration 1
a: no special abilities


You were on level 4 of the Dungeon.
You visited 1 branch of the dungeon, and saw 4 of its levels.

You collected 137 gold pieces.

Inventory:

Jewellery
 l - an amulet of regeneration (around mantle)
 m - a ring of ice
Scrolls
 b - 2 scrolls of identify {unknown}
 c - a scroll of blinking {unknown}
 d - a scroll of enchant armour {unknown}
 f - 2 scrolls of enchant weapon {unknown}
 i - a scroll of fear {unknown}
 k - 2 scrolls of teleportation {unknown}
 n - a scroll of summoning {unknown}
 p - a scroll of immolation {unknown}
 r - a scroll of poison {unknown}
 s - a scroll of amnesia {unknown}
Potions
 a - a potion of magic
 e - a potion of berserk rage {unknown}
 g - 2 potions of ambrosia {unknown}
 h - 2 potions of attraction
 j - a potion of flight {unknown}
 o - 2 potions of mutation
 q - a potion of haste {unknown}


   Skills:
 * Level 3.1 Dodging
 * Level 4.8 Stealth
 * Level 3.0 Spellcasting
 + Level 1.3 Conjurations
 - Level 1.2 Transmutations
 + Level 1.2 Air Magic
 * Level 5.0 Poison Magic


You had one spell level left.
You knew the following spells:

 Your Spells              Type           Power      Damage    Failure   Level
a - Sting                 Tmut/Pois      56%        1d5       4%          1
b - Poisonous Vapours     Pois/Air       28%        N/A       6%          2
c - Mephitic Cloud        Conj/Pois/Air  12%        N/A       16%         3
d - Olgreb's Toxic Radia  Pois           22%        N/A       19%         4

Your spell library contained the following spells:

 Spells                   Type           Power      Damage    Failure   Level


Dungeon Overview and Level Annotations

Branches:
Dungeon (4/15)
 Temple: D:4-7

Altars:
Kikubaaqudgha
Vehumet


Innate Abilities, Weirdness & Mutations

You cannot wear most types of armour.
You are amphibious.
You can wear up to eight rings at the same time.
Your skin changes colour to match your surroundings (Stealth+).
Your rubbery body absorbs attacks. (AC +1, EV +1)
((You are camouflaged when in or above water. (Stealth+)))
You have tentacles for arms and can constrict up to eight enemies at once.
Your natural rate of healing is unusually fast.


Message History

The water moccasin poisons you!
Casting: Sting (safe; 4% risk of failure)
Confirm with . or Enter, or press ? or * to list all spells.
Aiming: Sting (safe; 4% risk of failure)
Press: ? - help, Shift-Dir - straight line, f/p - water moccasin
Aim: a water moccasin (heavily wounded, 53% to hit)
The sting hits the water moccasin but does no damage.
The water moccasin is poisoned.
The water moccasin is heavily wounded.
You feel very sick. The water moccasin closely misses you.
Casting: Sting (safe; 4% risk of failure)
Confirm with . or Enter, or press ? or * to list all spells.
Aiming: Sting (safe; 4% risk of failure)
Press: ? - help, Shift-Dir - straight line, f/p - water moccasin
Aim: a water moccasin (heavily wounded, poisoned, 53% to hit)
The sting hits the water moccasin.
The water moccasin partially resists.
The water moccasin is heavily wounded.
You feel very sick. The water moccasin bites you. x2
You are lethally poisoned!
The water moccasin poisons you!
* * * LOW HITPOINT WARNING * * *
You feel very sick.
* * * LOW HITPOINT WARNING * * *
You feel very sick.
It was a potion of attraction.
You feel attractive to monsters.
* * * LOW HITPOINT WARNING * * *
You feel very sick.
The water moccasin barely misses you. x2
Casting: Sting (safe; 4% risk of failure)
Confirm with . or Enter, or press ? or * to list all spells.
Okay, then.
It was a potion of mutation.
You feel extremely strange.
You feel agile.
You begin to heal more quickly.
You feel clumsy.
* * * LOW HITPOINT WARNING * * *
You feel very sick. The water moccasin bites you!
You die...

........# ......
.?......# .....
........######...#
....:.>.. .....#
........####..# .
........##....#####..
:######..).##........
#...S.####.........
#..@.#####.........
##....###...........
.....................
#..............#.......
#.###...##.#####.......
# #...##.####........
#........†)........
###...<[))..##.....
#.........).......


You could see a water moccasin (poisoned).

Vanquished Creatures
  2 orc priests (D:4)
  Terence (D:3)
  Natasha (D:2)
  An orc wizard (D:4)
  5 adders
  2 ufetubi
  A worm (D:4)
  3 dart slugs
  6 orcs
  6 endoplasms
  2 giant cockroaches
  5 goblins
  7 hobgoblins
  3 jackals (D:2)
  2 quokkas
  4 bats
  5 frilled lizards
  9 kobolds
  6 rats
71 creatures vanquished.

Notes
Turn   | Place    | Note
-------+----------+-------------------------------------------
     0 | D:1      | NullDivider the Octopode Venom Mage began the quest for the
                  | Orb.
     0 | D:1      | Reached XP level 1. HP: 11/11 MP: 3/3
   252 | D:1      | Reached XP level 2. HP: 16/17 MP: 0/5
   429 | D:1      | Learned a level 2 spell: Poisonous Vapours
   913 | D:1      | Reached XP level 3. HP: 11/21 MP: 3/6
  1091 | D:1      | Reached skill level 4 in Poison Magic
  1101 | D:1      | Learned a level 3 spell: Mephitic Cloud
  1147 | D:1      | Found a faded altar of an unknown god.
  1919 | D:2      | Reached XP level 4. HP: 27/27 MP: 4/7
  2525 | D:2      | Noticed Natasha
  2532 | D:2      | Killed Natasha
  2641 | D:2      | Identified the +0 robe of Altruism {Int+2}
  2913 | D:3      | Found an ancient bone altar of Kikubaaqudgha.
  2948 | D:3      | Noticed Terence
  2975 | D:3      | Killed Terence
  2976 | D:3      | Reached XP level 5. HP: 20/31 MP: 0/8
  3368 | D:3      | Reached skill level 1 in Air Magic
  3596 | D:4      | Found a radiant altar of Vehumet.
  3617 | D:4      | Reached skill level 1 in Conjurations
  3652 | D:4      | Reached XP level 6. HP: 25/36 MP: 2/10
  3770 | D:3      | Learned a level 4 spell: Olgreb's Toxic Radiance
  3811 | D:4      | Reached skill level 5 in Poison Magic
  3962 | D:4      | Identified the +7 trident of Change {freeze, rF+ rCorr
                  | Str-2}
  4028 | D:4      | Noticed a water moccasin
  4044 | D:4      | Gained mutation: You are agile. (Dex +4, Str/Int -1)
                  | [potion of mutation]
  4044 | D:4      | Gained mutation: Your natural rate of healing is unusually
                  | fast. [potion of mutation]
  4044 | D:4      | Lost mutation: You are agile. (Dex +4, Str/Int -1) [potion
                  | of mutation]
  4044 | D:4      | HP: 1/36 [poisoned by a water moccasin]
  4044 | D:4      | Mangled by a water moccasin

Illustrated notes

Levels and vault maps discovered:
D:1:      dpeg_arrival_rooms_a, layout_basic, hellmonk_ecumenical_altar_run_dry
D:2:      layout_loops_ring, uniq_natasha
D:3:      layout_rooms, kiku_gazebo_pond_becter, minmay_door_square,
          uniq_terence
D:4:      layout_rooms, lemuel_tele_altar, nicolae_qazlal_style_of_elements,
          kennysheep_generic_room_3

Skill      XL: |  1  2  3  4  5  6 |
---------------+-------------------+-----
Stealth        | 3 4 |  4.8
Poison Magic   | 4 5 |  5.0
Air Magic      | 1 |  1.2
Dodging        | 3 |  3.1
Conjurations   | 1 |  1.3
Spellcasting   | 3 |  3.0
Transmutations | |  1.2

Action                   |  1- 3 |  4- 6 || total
-------------------------+-------+-------++-------
Melee: Unarmed           |    49 |    62 ||   111
       Tentacles         |    15 |    13 ||    28
       Constrict         |    11 |    15 ||    26
       Punch             |     2 |       ||     2
Throw: Throwing net      |       |     1 ||     1
 Cast: Sting             |    20 |    24 ||    44
       Poisonous Vapours |    22 |    42 ||    64
  Use: Potion            |       |     2 ||     2
 Stab: Sleeping          |     1 |     2 ||     3
Armor: Skin              |     7 |     5 ||    12
Dodge: Dodged            |    23 |    53 ||    76
